 Dungeon Crawl Stone Soup version 0.24-a0-584-g9d6b971ae4 (webtiles) character file.

Game seed: 6635723175084472494, levelgen mode: deterministic

346 GordonOverkill the Firebug (level 6, -4/44 HPs)
             Began as a Barachi Fire Elementalist on Aug 29, 2019.
             Slain by a wight
             ... wielding a +0 battleaxe
              (8 damage)
             ... on level 5 of the Dungeon.
             The game lasted 00:10:34 (3544 turns).

GordonOverkill the Firebug (BaFE)                   Turns: 3544, Time: 00:10:35

Health: -4/44      AC:  7    Str:  9    XL:     6   Next: 59%
Magic:  1/11       EV: 12    Int: 18    God:
Gold:   84         SH:  0    Dex: 12    Spells: 4/12 levels left

rFire    . . .     SeeInvis .   b - +0 dagger
rCold    . . .     Gourm    .   (no shield)
rNeg     . . .     Faith    .   t - +2 robe {MR+}
rPois    .         Spirit   .   p - +2 hat
rElec    .         Reflect  .   (no cloak)
rCorr    .         Harm     .   l - +0 pair of gloves
MR       +....                  (no boots)
Stlth    ++........             (no amulet)
HPRegen  0.14/turn              (no ring)
MPRegen  0.12/turn              (no ring)

@: very slightly contaminated, drained, invisible (expiring), slow
A: +LOS, swims, slowness 1, strong legs 1
a: Hop


You were on level 5 of the Dungeon.
You were not hungry.

You visited 1 branch of the dungeon, and saw 4 of its levels.

You collected 84 gold pieces.

Inventory:

Hand Weapons
 a - a +0 hunting sling
 b - a +0 dagger (weapon)
Missiles
 h - 73 stones (quivered)
 q - 5 sling bullets
 u - 4 boomerangs
Armour
 l - a +0 pair of gloves (worn)
 p - a +2 hat (worn)
 t - a +2 robe of magic resistance (worn)
Scrolls
 f - 3 scrolls of remove curse
 j - a scroll of identify
 n - a scroll of fog {unknown}
 r - 2 scrolls of enchant armour
 s - 2 scrolls of magic mapping
Potions
 d - 3 potions of brilliance
Comestibles
 c - 8 rations
 m - 3 chunks of flesh


   Skills:
 + Level 2.0(1.3) Fighting
 - Level 3.0(2.2) Dodging
 - Level 2.0(1.2) Stealth
 + Level 3.8(3.0) Spellcasting
 - Level 4.0(3.2) Conjurations
 + Level 4.8(4.0) Fire Magic


You had 4 spell levels left.
You knew the following spells:

 Your Spells              Type           Power        Failure   Level  Hunger
a - Flame Tongue          Conj/Fire      ###..        3%          1    None
b - Conjure Flame         Conj/Fire      ###.....     11%         3    ###....
c - Sticky Flame          Conj/Fire      ###.....     36%         4    ####...

Your spell library contained the following spells:

 Spells                   Type           Power        Failure   Level  Hunger
 Throw Flame              Conj/Fire      ###...       5%          2    ##.....
 Inner Flame              Hex/Fire       ##......     22%         3    ###....
 Fireball                 Conj/Fire      ###.......   71%         5    ######.


Dungeon Overview and Level Annotations

Branches:
Dungeon (3/15)

Altars:


Innate Abilities, Weirdness & Mutations

Shadows flee at your approach. (+LOS)
You can swim through water.
You cover ground slowly.
You can hop short distances.


Message History

You hit the wight but do no damage.
The wight is heavily damaged.
The wight misses you.
You hit the wight.
The wight is heavily damaged.
You hit the wight.
The wight is severely damaged.
You are ready to hop once more.
The wight misses you.
You hit the wight but do no damage.
The wight is severely damaged.
The wight misses you.
You hit the wight but do no damage.
The wight is severely damaged.
The wight misses you.
You hit the wight.
The wight is almost destroyed.
You flicker for a moment.
The wight hits you with a +0 battleaxe!
You die...

**#....#.####s###*,,*,**,**,*****
*........##.....#*,,*,,,,,,,*
*.###..#.##.#.#.#*,,,,,,,****
#,**#..#......#.#**,****,*
,,,,..,####.###.# *,,,,,,*
,,**..,,,...* #.# ********
*,,,,,,,###** #s# ,***,,,,,*
#z### ** **,,,** #.@.# * *,,,,,*
*###.# * *,,,,,* *,,,.# * *,,,,,*
*,**## ****,,,,,* *,* ,,**,,,,,*
*,* ,,******** *,* ,,,* *,* ,,,*
*,*


You could see a scorpion and a wight.

Vanquished Creatures
  A bullfrog (D:2)
  A wight (D:5)
  2 orc wizards (D:3)
  2 worker ants
  4 adders
  A shadow imp (D:5)
  An ooze (D:3)
  A worm (D:3)
  3 dart slugs (D:2)
  4 leopard geckos
  3 orcs (D:3)
  3 ball pythons
  10 bats
  2 giant cockroaches
  7 goblins
  8 hobgoblins
  10 jackals
  2 quokkas (D:2)
  5 frilled lizards
  7 kobolds
  28 rats
105 creatures vanquished.

Notes
Turn   | Place    | Note
-------+----------+-------------------------------------------
     0 | D:1      | GordonOverkill the Barachi Fire Elementalist began the
                  | quest for the Orb.
     0 | D:1      | Reached XP level 1. HP: 13/13 MP: 3/3
   326 | D:1      | Reached XP level 2. HP: 16/19 MP: 0/5
   980 | D:1      | Reached XP level 3. HP: 24/24 MP: 3/6
  1429 | D:2      | Reached XP level 4. HP: 20/30 MP: 2/8
  1561 | D:2      | Noticed a bullfrog
  1572 | D:2      | Killed a bullfrog
  1572 | D:2      | Reached XP level 5. HP: 24/35 MP: 0/9
  1989 | D:2      | Learned a level 3 spell: Conjure Flame
  1994 | D:2      | Learned a level 4 spell: Sticky Flame
  3147 | D:3      | Reached XP level 6. HP: 34/42 MP: 0/11
  3154 | D:3      | Reached skill level 1 in Fighting
  3483 | D:3      | You fall into a shaft and drop 2 floors!
  3483 | D:5      | Entered Level 5 of the Dungeon
  3505 | D:5      | Noticed a phantom
  3544 | D:5      | Slain by a wight

Levels and vault maps discovered:
D:1:      dpeg_arrival_renting, layout_rooms, corexii_item_surrounded_by_moat
D:2:      layout_loops_ring, minmay_rat_hole
D:3:      minmay_angry_zag, layout_loops_cross, first_ration
D:5:      layout_loops_cross, hellmonk_ghost_happy_afterlife

Skill      XL: |  1  2  3  4  5  6 |
---------------+-------------------+-----
Stealth        | 2 |  2.0
Conjurations   | 2 4 |  4.0
Dodging        | 3 |  3.0
Spellcasting   | 3 |  3.8
Fire Magic     | 4 |  4.8
Fighting       | 2 |  2.0

Action                   |  1- 3 |  4- 6 || total
-------------------------+-------+-------++-------
Melee: Club              |    15 |       ||    15
       Unarmed           |     6 |       ||     6
       Dagger            |    50 |    37 ||    87
 Fire: Hunting sling     |       |    51 ||    51
Throw: Stone             |     4 |       ||     4
 Cast: Flame Tongue      |    59 |   105 ||   164
 Abil: Hop               |       |     1 ||     1
  Use: Scroll            |       |     7 ||     7
       Potion            |       |     2 ||     2
  Eat: Chunk             |     3 |     7 ||    10
Armor: Robe              |    28 |    19 ||    47
Dodge: Dodged            |    69 |    53 ||   122

Table legend:
 A = Non-vault XP
 B = Vault XP
 C = Vault XP percentage of total XP
 D = Non-vault monster count
 E = Vault monster count
 F = Vault count percentage of total count
                 A         B        C        D         E       F
            +---------+---------+-------+---------+---------+-------
      Total |     462 |      33 |   6.7 |      80 |      25 |  23.8
            +---------+---------+-------+---------+---------+-------
        D:1 |      38 |       0 |   0.0 |      21 |       0 |   0.0
        D:2 |     202 |      20 |   9.0 |      30 |      19 |  38.8
        D:3 |     120 |      13 |   9.8 |      26 |       6 |  18.8
        D:5 |     102 |       0 |   0.0 |       3 |       0 |   0.0
            +---------+---------+-------+---------+---------+-------
